 Dungeon Crawl Stone Soup version 0.25.1-9-gc5326a611f (webtiles) character file.

Game seed: 7105763205551969467

72464 jondo1214 the Severer (level 15, 0/130 HPs)
             Began as a Hill Orc Fighter on Sept 15, 2021.
             Was the Champion of Beogh.
             Engulfed by an ice statue's freezing vapour (8 damage)
             ... in an ice cave on Jan 7, 2022.
             The game lasted 01:26:41 (15391 turns).

jondo1214 the Severer (Hill Orc Fighter)           Turns: 15391, Time: 01:26:42

Health: 0/130      AC: 24    Str: 36    XL:     15   Next: 40%
Magic:  20/23      EV:  9    Int: 10    God:    Beogh [******]
Gold:   750        SH: 15    Dex: 14    Spells: 14/14 levels left

rFire    . . .     SeeInvis +   I - +6 scimitar (flame)
rCold    + . .     Gourm    .   c - +0 kite shield
rNeg     . . .     Faith    .   N - +1 plate armour of Patterns {rC+ Regen+ Str+6 Slay-5}
rPois    +         Spirit   .   n - +1 helmet
rElec    .         Reflect  .   H - +1 cloak
rCorr    .         Harm     .   a - +2 pair of gloves
MR       +....                  Q - +3 pair of boots of Fedegeah {Dex+4}
Stlth    ..........             (no amulet)
HPRegen  0.71/turn              F - +6 ring of strength
MPRegen  0.18/turn              b - ring "Bytoq" {rPois Slay+5 SInv}

@: no status effects
A: walk on water, deformed body
a: Smiting, Recall Orcish Followers, Give Item to Named Follower, Resurrection,
Renounce Religion


You were in an ice cave.
You worshipped Beogh.
Beogh was exalted by your worship.
You were very hungry.

You visited 3 branches of the dungeon, and saw 18 of its levels.
You visited the Abyss 1 time.
You also visited: Ossuary and Ice Cave.

You collected 1477 gold pieces.
You spent 727 gold pieces at shops.

Inventory:

Hand Weapons
 w - a +3 war axe of electrocution
 I - a +6 scimitar of flaming (weapon)
 W - the +5 broad axe of the Eel {vamp, +Rage rF- MP+9 Int+3}
   (You found it on level 10 of the Dungeon)

   It inflicts no extra harm, but heals its wielder when it wounds a living foe.
   It affects your intelligence (+3).
   It makes you vulnerable to fire.
   It affects your magic capacity (+9).
   It lets you go berserk.
 Y - a +3 war axe of venom
Missiles
 s - 40 poisoned darts (quivered)
Armour
 a - a +2 pair of gloves (worn)
 c - a +0 kite shield (worn)
 k - a scarf of resistance
 n - a +1 helmet (worn)
 H - a +1 cloak (worn)
 N - the +1 plate armour of Patterns (worn) {rC+ Regen+ Str+6 Slay-5}
   (You found it on level 8 of the Dungeon)

   It affects your strength (+6).
   It affects your accuracy and damage with ranged weapons and melee attacks
   (-5).
   It protects you from cold.
   It increases your rate of regeneration.
 Q - the +3 pair of boots of Fedegeah (worn) {Dex+4}
   (You found it on level 14 of the Dungeon)

   It affects your dexterity (+4).
Jewellery
 b - the ring "Bytoq" (right hand) {rPois Slay+5 SInv}
   (You found it on level 11 of the Dungeon)

   [ring of see invisible]

   It affects your accuracy and damage with ranged weapons and melee attacks
   (+5).
   It protects you from poison.
   It lets you see invisible.
 e - the amulet of Wu Jian's Vengeance {Faith +Inv Dex+4}
   (You took it off a yaktaur on level 15 of the Dungeon)

   [amulet of faith]

   It allows you to gain divine favour quickly.
   It affects your dexterity (+4).
   It lets you turn invisible.
 h - an uncursed ring of fire
 t - an uncursed ring of flight
 B - a +4 ring of slaying
 F - a +6 ring of strength (left hand)
 G - an uncursed amulet of reflection
 P - a +6 ring of intelligence
Wands
 g - a wand of clouds (14)
 p - a wand of iceblast (13)
 E - a wand of flame (17)
 K - a wand of digging (7)
 R - a wand of polymorph (18)
 T - a wand of disintegration (12)
 Z - a wand of acid (13)
Scrolls
 l - 9 scrolls of teleportation
 m - 9 scrolls of amnesia
 u - 3 scrolls of fog
 C - 4 scrolls of fear
 D - 8 scrolls of remove curse
 V - 3 scrolls of magic mapping
 X - 2 scrolls of holy word
Potions
 d - 4 potions of might
 i - 5 potions of stabbing
 j - 4 potions of berserk rage
 o - 5 potions of curing
 q - a potion of ambrosia
 v - 3 potions of lignification
 x - 2 potions of cancellation
 z - 2 potions of haste
 A - a potion of flight {unknown}
 M - 2 potions of magic
 O - a potion of brilliance {unknown}
 S - a potion of resistance {unknown}
 U - 3 potions of mutation
Miscellaneous
 r - a phial of floods
Comestibles
 f - 35 rations


   Skills:
 + Level 11.2 Fighting
 + Level 3.0 Long Blades
 + Level 17.2(17.3) Axes
   Level 2.0(10.2) Polearms
 * Level 11.9 Armour
 - Level 2.0 Dodging
 - Level 1.1 Stealth
 * Level 14.8 Shields
 * Level 11.6 Invocations
 * Level 7.6 Evocations


You had 14 spell levels left.
You didn't know any spells.
Your spell library contained the following spells:

 Spells                   Type           Power        Failure   Level  Hunger
 Beastly Appendage        Tmut           #.....       88%         1    ##.....
 Corona                   Hex            #......      88%         1    ##.....
 Shock                    Conj/Air       #...         88%         1    ##.....
 Summon Small Mammal      Summ           #...         88%         1    ##.....
 Call Imp                 Summ           #.......     96%         2    ###....
 Ensorcelled Hibernation  Hex/Ice        #.....       96%         2    ###....
 Sticks to Snakes         Tmut           #.......     96%         2    ###....
 Confusing Touch          Hex            #.......     99%         3    ####...
 Dazzling Flash           Conj/Hex       #.....       99%         3    ####...
 Spider Form              Tmut/Pois      #.........   99%         3    ####...
 Tukima's Dance           Hex            #.......     99%         3    ####...
 Cause Fear               Hex            #.........   100%        4    #####..
 Ice Form                 Ice/Tmut       #.......     100%        4    #####..
 Blade Hands              Tmut           #.........   100%        5    ######.
 Summon Mana Viper        Hex/Summ       #.......     100%        5    ######.
 Summon Hydra             Summ           #.........   100%        7    #######
 Discord                  Hex            #.........   100%        8    #######
 Tornado                  Air            #.........   100%        9    #######


Dungeon Overview and Level Annotations

Branches:
Dungeon (15/15)            Temple (1/1) D:4            Lair (2/6) D:10
    Orc (0/2) D:12         Vaults (0/5) D:14         Depths (0/5) D:15
Ossuary (visited)           IceCv (1/1)
  Swamp: Lair:2-4    Shoals: Lair:2-4     Snake: Lair:2-4    Spider: Lair:2-4

Altars:
Ashenzari
Cheibriados
Dithmenos
Elyvilon
Fedhas
Gozag
Hepliaklqana
Kikubaaqudgha
Makhleb
Nemelex Xobeh
Okawaru
Qazlal
Ru
Sif Muna
Trog
Uskayaw
Vehumet
Wu Jian
Xom
Yredelemnul
Zin
The Shining One

Shops:
D:4 (   D:6 }*[   D:12 [[%?

Portals:
Abyss: D:14

Annotations:
IceCv 1 transporter, exclusion: 2 ice statues


Innate Abilities, Weirdness & Mutations

You can walk on water.
Armour fits poorly on your strangely shaped body.


Message History

* * * LOW HITPOINT WARNING * * *
The ice beast barely misses you.
The ice beast hits you but does no damage.
The ice statue gestures.
You block the ice beast's attack.
The ice beast hits you but does no damage.
The ice statue gestures at you.
The bolt of cold misses the ice beast.
The bolt of cold hits you! You resist.
* * * LOW HITPOINT WARNING * * *
You are engulfed in freezing vapours.
You resist.
* * * LOW HITPOINT WARNING * * *
The ice beast hits you but does no damage. x2
You block the ice beast's attack.
Aiming: Smiting
Press: ? - help, Dir - move target cursor, f - ice statue Smite: an ice statue You smite the ice statue!
The ice statue is moderately damaged.
You are engulfed in freezing vapours.
You resist.
You die...

#######
##.....##
##...∩...##
##.........##
#.....©.....#
#...........#
##...........#
#...YY........#
#.Y@†8...8....#
#...Y..)......#
##.°°.?.!....##
#...8.=.8...#
##...(©$...##
#########


You could see 2 ice statues and 4 ice beasts.

Vanquished Creatures
  A tentacled starspawn (Abyss:3)
  A frost giant (D:15)
  A very ugly thing (D:14)
  Nessos (D:12)
  Azrael (D:12)
  An ettin (D:15)
  An eidolon (Abyss:3)
  A fire dragon (D:15)
  2 ogre magi (D:15)
  A great orb of eyes (D:15)
  A rakshasa (D:14)
  6 hydras
  A yaktaur captain (D:15)
  Harold (D:7)
  6 centaur warriors
  4 two-headed ogres
  A thrashing horror (Abyss:3)
  2 wretched stars (Abyss:3)
  A deep troll (D:15)
  An unseen horror (D:15)
  A deep elf archer (D:15)
  A wolf spider zombie (D:12)
  A phantasmal warrior (D:15)
  4 cyclopes
  A wolf spider (D:15)
  3 manticores
  6 ugly things
  2 deep elf magi
  A stone giant zombie (Abyss:3)
  3 spiny frogs
  A rime drake (Lair:1)
  A yaktaur (D:11)
  2 efreet (D:15)
  2 komodo dragons
  3 freezing wraiths
  A rime drake (shapeshifter) (D:14)
  A yaktaur (shapeshifter) (D:15)
  4 trolls
  A slime creature (D:15)
  A wolf spider simulacrum (D:15)
  Grinder (D:3)
  A hippogriff (D:13)
  A hornet (D:13)
  4 raiju
  2 blink frogs (Lair:1)
  A shadow (D:15)
  2 wyverns
  A centaur simulacrum (D:15)
  3 wraiths
  4 fire elementals (D:12)
  2 basilisks
  8 yaks
  A large abomination (Abyss:3)
  2 vampire mosquitoes
  Menkaure (D:4)
  Duvessa (D:4)
  A hell hound (D:12)
  2 water moccasins
  Edmund (D:4)
  3 porcupines
  6 orc warriors
  10 ice beasts
  2 eyes of draining
  3 necrophages
  3 sky beasts
  5 ogres
  3 phantoms
  12 centaurs
  12 bullfrogs
  A wyvern zombie (D:11)
  A water moccasin zombie (D:7)
  Dowan (D:4)
  12 scorpions
  A wyvern skeleton (D:11)
  3 killer bees (D:12)
  5 wights
  5 howler monkeys
  5 crimson imps
  4 bullfrog zombies
  7 centaur zombies
  7 hounds
  4 human zombies (Ossuary)
  5 orc priests
  3 jellies (D:9)
  10 orc wizards
  7 centaur skeletons
  A gnoll shaman (D:7)
  An iguana (D:7)
  A bullfrog skeleton (D:11)
  Ijyb (D:3)
  Natasha (twice) (D:3)
  9 worker ants
  5 small abominations (Abyss:3)
  2 big kobold zombies (Ossuary)
  A hound zombie (D:6)
  2 hound skeletons
  3 mummies (Ossuary)
  A howler monkey zombie (D:6)
  A worker ant zombie (D:9)
  Robin (D:3)
  11 adders
  5 gnolls
  A scorpion zombie (Ossuary)
  7 shadow imps
  13 white imps
  An adder zombie (D:4)
  2 worms (D:3)
  2 dart slugs (D:2)
  4 leopard geckos
  30 orcs
  2 ball pythons
  3 bats
  5 giant cockroaches
  12 goblins
  7 hobgoblins
  4 jackals (D:5)
  A frilled lizard (D:1)
  A giant cockroach zombie (D:6)
  A gnoll zombie (Ossuary)
  2 goblin zombies (Ossuary)
  A hobgoblin zombie (Ossuary)
  4 kobolds
  2 kobold zombies (Ossuary)
  An orc zombie (Ossuary)
  A quokka skeleton (D:7)
  8 rats
  2 starspawn tentacles (Abyss:3)
418 creatures vanquished.

Vanquished Creatures (collateral kills)
  A daeva (D:14)
  An orc warlord (D:14)
  A cacodemon (D:14)
  The ghost of tkbsonic5 the Fighter, a journeyman HuGl of Ru (D:14)
  A stone giant (D:15)
  An ettin (D:14)
  2 fire dragons
  A rakshasa (D:15)
  3 hydras
  2 centaur warriors
  4 two-headed ogres
  A hell hog (D:14)
  A thrashing horror (D:14)
  A sixfirhy (Abyss:3)
  An unseen horror (D:15)
  A wizard (D:14)
  A deep elf mage (D:13)
  An orc sorcerer (D:15)
  A wolf spider (D:15)
  A harpy (shapeshifter) (D:14)
  2 ugly things
  A manticore (D:11)
  3 cyclopes (D:15)
  A worldbinder (Abyss:3)
  An orange demon (Abyss:3)
  2 spiny frogs (shapeshifter) (D:15)
  A centaur skeleton (D:15)
  A yaktaur (D:15)
  A hellion (D:14)
  A freezing wraith (D:14)
  An efreet (D:15)
  A troll (D:11)
  A meliai (D:15)
  A slime creature (D:11)
  3 blink frogs (Lair:1)
  A hippogriff (D:8)
  A centaur simulacrum (D:15)
  A wyvern (D:15)
  5 yaks
  A fire elemental (D:12)
  3 vampire mosquitoes
  3 hungry ghosts
  A hog (shapeshifter) (D:15)
  A hell hound (D:12)
  3 orc warriors
  A sky beast (D:9)
  A necrophage (D:8)
  2 phantoms
  3 ogres
  2 centaurs
  3 bullfrogs
  5 wights
  2 howler monkeys
  An electric eel (D:9)
  2 hounds (D:11)
  2 orc wizards
  A worker ant (D:8)
  A shadow imp (D:15)
  A leopard gecko (D:11)
  2 orcs
  A quokka (D:11)
  An orc zombie (Ossuary)
  A plant (Lair:1)
100 creatures vanquished.

Vanquished Creatures (others)
  4 orc knights
  3 orc sorcerers
  4 orc warriors
  A wizard (D:14)
  A spiny frog (Lair:1)
  A vampire mosquito (D:15)
  2 orc priests
  An orc wizard (D:11)
  18 orcs
  A plant (Lair:1)
  2 starspawn tentacles (Abyss:3)
38 creatures vanquished.

Grand Total: 556 creatures vanquished

Notes
Turn   | Place    | Note
-------+----------+-------------------------------------------
     0 | D:1      | jondo1214 the Hill Orc Fighter began the quest for the Orb.
     0 | D:1      | Reached XP level 1. HP: 19/19 MP: 1/1
   208 | D:1      | Reached XP level 2. HP: 14/27 MP: 2/2
   460 | D:1      | Reached skill level 3 in Axes
   696 | D:1      | Reached XP level 3. HP: 33/33 MP: 3/3
   913 | D:2      | Found a glowing silver altar of Zin.
  1739 | D:3      | Noticed Robin
  1748 | D:3      | Killed Robin
  1748 | D:3      | Reached XP level 4. HP: 41/41 MP: 4/4
  1757 | D:3      | Reached skill level 4 in Axes
  1963 | D:3      | Reached XP level 5. HP: 47/47 MP: 5/5
  2067 | D:3      | Became a worshipper of Beogh the Brigand
  2154 | D:3      | Noticed Ijyb
  2165 | D:3      | Killed Ijyb
  2432 | D:3      | Found a hide-covered altar of Uskayaw.
  2530 | D:3      | Noticed Grinder
  2531 | D:3      | Noticed Natasha
  2532 | D:3      | Paralysed by Grinder for 3 turns
  2537 | D:3      | Paralysed by Grinder for 2 turns
  2544 | D:3      | Killed Grinder
  2544 | D:3      | Reached skill level 5 in Fighting
  2544 | D:3      | Reached skill level 6 in Axes
  2544 | D:3      | Reached XP level 6. HP: 56/56 MP: 6/6
  2550 | D:3      | Killed Natasha
  2560 | D:3      | Found a sacrificial altar of Ru.
  2700 | D:3      | Noticed Natasha
  2705 | D:3      | Killed Natasha
  2872 | D:4      | Found a sand-covered staircase.
  2876 | D:4      | Noticed Menkaure
  2884 | D:4      | Killed Menkaure
  2884 | D:4      | Reached skill level 7 in Axes
  2884 | D:4      | Reached skill level 1 in Dodging
  2884 | D:4      | Reached XP level 7. HP: 21/61 MP: 2/7
  2980 | Ossuary  | Entered an ossuary
  3172 | Ossuary  | Reached skill level 8 in Axes
  3275 | Ossuary  | Reached XP level 8. HP: 65/70 MP: 6/8
  3277 | Ossuary  | Reached skill level 5 in Armour
  3341 | Ossuary  | Reached * piety under Beogh
  3341 | Ossuary  | Reached skill level 9 in Axes
  3351 | Ossuary  | Reached skill level 5 in Shields
  3580 | D:4      | Reached skill level 10 in Axes
  3600 | D:4      | Found an ornate altar of the Wu Jian Council.
  3657 | D:4      | Found Tirghoss's Weapon Shop.
  3728 | D:4      | Found a staircase to the Ecumenical Temple.
  3728 | D:4      | Noticed Edmund
  3737 | D:4      | Killed Edmund
  3764 | Temple   | Entered the Ecumenical Temple
  3938 | D:4      | Noticed Duvessa
  3938 | D:4      | Noticed Dowan
  3946 | D:4      | Killed Dowan
  3946 | D:4      | Reached XP level 9. HP: 72/77 MP: 7/9
  3948 | D:4      | Killed Duvessa
  4304 | D:5      | Entered Level 5 of the Dungeon
  4333 | D:5      | Reached skill level 1 in Stealth
  4395 | D:5      | Reached skill level 11 in Axes
  4529 | D:5      | Reached ** piety under Beogh
  4962 | D:6      | Found a shattered altar of Ashenzari.
  4977 | D:6      | Found a burning altar of Makhleb.
  5030 | D:6      | Found Yhovuynno's Assorted Antiques.
  5034 | D:6      | Reached skill level 1 in Invocations
  5185 | D:6      | Bought a square cabochon amulet for 85 gold pieces
  5185 | D:6      | Bought a scroll of identify for 34 gold pieces
  5185 | D:6      | Bought a scroll of identify for 34 gold pieces
  5185 | D:6      | Bought a scroll of enchant weapon for 127 gold pieces
  5196 | D:6      | Got a pitted bone ring
  5197 | D:6      | Identified the ring "Pogreinn" {rElec Stlth+} (You found it
                  | on level 6 of the Dungeon)
  5419 | D:6      | Found Domuown's Antique Armour Boutique.
  5644 | D:6      | Found Dinuqel's Gadget Emporium.
  6076 | D:7      | Reached *** piety under Beogh
  6082 | D:7      | Reached XP level 10. HP: 66/86 MP: 12/12
  6275 | D:7      | Reached skill level 12 in Axes
  6477 | D:7      | Found a white marble altar of Elyvilon.
  6504 | D:7      | Found an iron altar of Okawaru.
  6588 | D:7      | Noticed Harold
  6605 | D:7      | Killed Harold
  7084 | D:8      | Reached **** piety under Beogh
  7160 | D:8      | Got a faintly humming plate armour
  7188 | D:8      | Identified the cursed +1 plate armour of Patterns {rC+
                  | Regen+ Str+6 Slay-5} (You found it on level 8 of the
                  | Dungeon)
  7465 | D:9      | Noticed a two-headed ogre
  7470 | D:9      | Killed a two-headed ogre
  7470 | D:9      | Reached skill level 13 in Axes
  7470 | D:9      | Reached skill level 5 in Invocations
  7501 | D:9      | Reached XP level 11. HP: 85/94 MP: 13/15
  8027 | D:10     | Entered Level 10 of the Dungeon
  8438 | D:10     | Got a translucent broad axe
  8439 | D:10     | Identified the +5 broad axe of the Eel {vamp, +Rage rF-
                  | MP+9 Int+3} (You found it on level 10 of the Dungeon)
  8580 | D:10     | Found a staircase to the Lair.
  8929 | D:11     | Gained Wulfoc as an ally
  9049 | D:11     | Reached skill level 1 in Evocations
  9070 | D:11     | Noticed a purple ugly thing
  9078 | D:11     | Killed a purple ugly thing
  9078 | D:11     | Reached ***** piety under Beogh
  9078 | D:11     | Reached skill level 14 in Axes
  9087 | D:11     | Reached skill level 10 in Shields
  9098 | D:11     | Noticed a brown ugly thing
  9109 | D:11     | Killed a brown ugly thing
  9127 | D:11     | Identified the Collected Works on Floating Calling
  9169 | D:11     | Noticed a seven-headed hydra
  9180 | D:11     | Killed a seven-headed hydra
  9365 | D:11     | Noticed a two-headed ogre
  9372 | D:11     | Killed a two-headed ogre
  9384 | D:11     | Noticed a seven-headed hydra
  9394 | D:11     | Killed a seven-headed hydra
  9394 | D:11     | Reached skill level 1 in Polearms
  9394 | D:11     | Reached XP level 12. HP: 81/103 MP: 17/17
  9428 | D:11     | Noticed a centaur warrior
  9435 | D:11     | Killed a centaur warrior
  9521 | D:11     | Got a crude turquoise ring
  9533 | D:11     | Identified the ring "Bytoq" {rPois Slay+5 SInv} (You found
                  | it on level 11 of the Dungeon)
  9703 | D:11     | Gained Ognian as an ally
  9773 | D:12     | Noticed Nessos
  9779 | D:12     | Noticed Azrael
  9789 | D:12     | Killed Nessos
  9791 | D:12     | Your ally Wulfoc died
  9797 | D:12     | Killed Azrael
  9965 | D:12     | Noticed a seven-headed hydra
  9972 | D:12     | Killed a four-headed hydra
  9975 | D:12     | Found Jittij's Magic Scroll Boutique.
  9991 | D:12     | Bought a scroll of identify for 28 gold pieces
  9991 | D:12     | Bought a scroll of identify for 28 gold pieces
  9991 | D:12     | Bought a scroll of identify for 28 gold pieces
  9991 | D:12     | Bought a scroll of enchant armour for 105 gold pieces
  9991 | D:12     | Bought a scroll of holy word for 105 gold pieces
 10191 | D:12     | Found Itucvang's Armour Boutique.
 10191 | D:12     | Noticed a two-headed ogre
 10196 | D:12     | Your ally Ognian died
 10199 | D:12     | Killed a two-headed ogre
 10225 | D:12     | Found Meovvuw's Antique Armour Boutique.
 10233 | D:12     | Found a staircase to the Orcish Mines.
 10235 | D:12     | Bought a pair of gloves for 153 gold pieces
 10514 | D:12     | Found Egotokh's Food Shoppe.
 10593 | D:13     | Noticed a two-headed ogre
 10602 | D:13     | Killed a two-headed ogre
 10630 | D:13     | Noticed a centaur warrior
 10636 | D:13     | Killed a centaur warrior
 10636 | D:13     | Reached skill level 15 in Axes
 10656 | D:13     | Noticed a centaur warrior
 10667 | D:13     | Killed a centaur warrior
 10667 | D:13     | Reached XP level 13. HP: 111/111 MP: 19/19
 10859 | D:13     | Reached skill level 10 in Armour
 11276 | D:14     | Found a transporter.
 11282 | D:14     | Found a transporter.
 11292 | D:14     | Found a one-way gate to the infinite horrors of the Abyss.
 11292 | D:14     | Noticed tkbsonic5's ghost (journeyman HuGl)
 11292 | D:14     | Noticed a rakshasa
 11300 | D:14     | Noticed a purple very ugly thing
 11301 | D:14     | Noticed a cacodemon
 11301 | D:14     | Noticed a daeva
 11363 | D:14     | Identified the +5 great mace of Zeusouhe {distort, rF+ rC+}
 11363 | D:14     | Noticed an orc warlord
 11384 | D:14     | Gained mutation: Armour fits poorly on your strangely
                  | shaped body. [a cacodemon]
 11387 | D:14     | Killed a cacodemon
 11394 | D:14     | Killed a daeva
 11401 | D:14     | Killed a green very ugly thing
 11401 | D:14     | Reached skill level 5 in Evocations
 11412 | D:14     | Killed a rakshasa
 11413 | D:14     | Cast into level 3 of the Abyss (orc warlord)
 11416 | Abyss:3  | Found a corrupted altar of Lugonu.
 11450 | Abyss:3  | Noticed an eidolon
 11462 | Abyss:3  | Killed an eidolon
 11625 | Abyss:3  | Reached skill level 10 in Fighting
 11632 | Abyss:3  | Found a corrupted altar of Lugonu.
 11657 | Abyss:3  | Noticed a tentacled starspawn
 11669 | Abyss:3  | Killed a tentacled starspawn
 11669 | Abyss:3  | Reached skill level 16 in Axes
 11716 | D:14     | Escaped the Abyss
 11727 | D:14     | Killed an orc warlord
 11757 | D:14     | Killed tkbsonic5's ghost
 11757 | D:14     | Reached XP level 14. HP: 38/121 MP: 21/21
 11780 | D:14     | Got a pair of distressingly furry boots
 11791 | D:14     | Identified the +3 pair of boots of Fedegeah {Dex+4} (You
                  | found it on level 14 of the Dungeon)
 11911 | D:14     | Gained Nordag as an ally
 11914 | D:14     | Reached ****** piety under Beogh
 12163 | D:14     | Reached skill level 10 in Invocations
 12183 | D:14     | Found a glowing golden altar of the Shining One.
 12242 | D:14     | Gained Warrok as an ally
 12264 | D:14     | Found a gate to the Vaults.
 12455 | D:15     | Entered Level 15 of the Dungeon
 12643 | D:15     | Found a basalt altar of Yredelemnul.
 12643 | D:15     | Found an opulent altar of Gozag.
 12644 | D:15     | Found a radiant altar of Vehumet.
 12742 | D:15     | Noticed a frost giant
 12755 | D:15     | Your ally Warrok died
 12756 | D:15     | Killed a frost giant
 12774 | D:15     | Identified the Tome of Calling and Execration
 12912 | D:15     | Reached skill level 1 in Long Blades
 13019 | D:15     | HP: 5/122 [ettin/+0 great mace (26)]
 13025 | D:15     | Your ally Nordag died
 13177 | D:15     | Gained Dorog as an ally
 13460 | D:15     | Found a staircase to the Depths.
 13722 | D:15     | Reached skill level 17 in Axes
 13722 | D:15     | Reached XP level 15. HP: 111/129 MP: 23/23
 13861 | D:15     | Identified the amulet of Wu Jian's Vengeance {Faith +Inv
                  | Dex+4}
 13883 | D:15     | Gained Arkwar as an ally
 14294 | Lair:1   | Entered Level 1 of the Lair of Beasts
 15092 | Lair:2   | Found a frozen archway.
 15160 | IceCv    | Entered an ice cave
 15163 | IceCv    | Found a transporter.
 15368 | IceCv    | Found a transporter.
 15391 | IceCv    | Engulfed by an ice statue's freezing vapour

Illustrated notes

Levels and vault maps discovered:
D:1:      lemuel_arrival_rhombus, layout_basic, nrook_uturn, serial_park_tiny_1
D:2:      layout_basic, marbit_many_paths, serial_forest,
          infiniplex_forest_corner_1, infiniplex_forest_clump_C,
          infiniplex_forest_clump_medium, infiniplex_forest_end_3,
          infiniplex_forest_straight_1, infiniplex_forest_side_room,
          infiniplex_forest_pool, infiniplex_forest_clump_double
D:3:      layout_loops_ring, nicolae_ru_sacrificial_ziggurat,
          nicolae_overflow_crystal_walls, first_ration, serial_park_tiny_pond,
          uniq_natasha, uniq_robin, uniq_ijyb, uniq_grinder
D:4:      layout_basic, kennysheep_mini_moat, minmay_temple_entry_proselytizer,
          enter_ossuary_2, serial_shops, shop, uniq_edmund, uniq_duvessa,
          uniq_menkaure
D:5:      layout_cave_pools, minmay_misc_feat_tower, minmay_increasing_density
D:6:      layout_basic, makhleb_blood_cavern_becter, lemuel_crystal_altar,
          serial_shops, nicolae_shop_overgrown_old_shop, shop,
          nicolae_shop_crystal, chequers_serial_rivers_micro_a
D:7:      layout_loops_corners, kennysheep_mini, elyvilon_altar_5, uniq_harold
D:8:      layout_rooms
D:9:      layout_layer_cave, grunt_ogre_cave, nrook_pool_corridor
D:10:     layout_loops_ring, lair_entry_dummy, minmay_misc_feat_hallway
D:11:     minmay_the_grid_octo_triangle [minmay_the_grid_octo_fat_diamond,
          minmay_the_grid_octo_prize_ultimate_mussel_roller,
          minmay_the_grid_octo_teeth], layout_irregular_city
D:12:     layout_basic, orc_0_dummy, serial_shops, shop, shop_statue, shop,
          shop, uniq_nessos, uniq_azrael
D:13:     layout_small_grid, drop_trap
D:14:     layout_long_grid, david_vaults_4, gammafunk_ghost_abyssal_escape,
          tso_altar
D:15:     hangedman_slaughterboxes
Temple:   nicolae_temple_great_sept
Lair:1:   layout_roguey, chequers_serial_rivers_micro_d
Lair:2:   layout_cave_pods, portal_ice_cave_entry_imps,
          mumra_transporter_accident, patterned_corridor
IceCv:    ice_cave_statue_garden_transporter

Skill      XL: |  1  2  3  4  5  6  7  8  9 10 11 12 13 14 15 |
---------------+----------------------------------------------+-----
Fighting       | 4 5 6 7 8 9 10 11 | 11.2
Axes           | 3 4 6 7 8 10 11 13 14 15 16 17 | 17.2
Shields        | 4 5 7 9 10 11 13 14 | 14.8
Armour         | 4 5 6 7 8 9 10 11 | 11.9
Dodging        | 1 2 |  2.0
Stealth        | 1 |  1.1
Invocations    | 2 5 7 8 9 11 | 11.6
Evocations     | 2 4 5 7 |  7.6
Polearms       | 1 2 |  2.0
Long Blades    | 2 3 |  3.0

Action                   |  1- 3 |  4- 6 |  7- 9 | 10-12 | 13-15 || total
-------------------------+-------+-------+-------+-------+-------++-------
Melee: War axe           |    77 |    89 |   290 |   159 |       ||   615
       Broad axe         |       |       |       |   215 |   464 ||   679
       Trident           |       |       |       |    12 |       ||    12
       Scimitar          |       |       |       |     3 |   113 ||   116
Invok: Convert to Beogh  |       |     1 |       |       |       ||     1
       Smiting           |       |       |     1 |       |     2 ||     3
       Recall Orcish Fol |       |       |       |     1 |     5 ||     6
       Resurrection      |       |       |       |       |     1 ||     1
       Give Item to Name |       |       |       |       |     2 ||     2
 Abil: Evoke Berserk Rag |       |       |       |     1 |       ||     1
  Use: Scroll            |     6 |     4 |    12 |    14 |    15 ||    51
       Potion            |       |       |       |     2 |     7 ||     9
 Stab: Distracted        |       |       |       |     1 |     8 ||     9
       Paralysed         |       |       |       |       |     1 ||     1
  Eat: Chunk             |     3 |     3 |     5 |    15 |    16 ||    42
       Ration            |       |       |     2 |       |       ||     2
Armor: Scale mail        |    32 |    18 |       |       |       ||    50
       Chain mail        |       |     8 |   112 |       |       ||   120
       Plate armour      |       |       |    15 |   140 |   261 ||   416
Dodge: Dodged            |    17 |    24 |    61 |    63 |   157 ||   322
Block: Kite shield       |    38 |    39 |   168 |   323 |   555 ||  1123
       Reflection        |       |       |     3 |    27 |    26 ||    56
       Rpst.: Scimitar   |       |       |       |       |    21 ||    21
